 Dungeon Crawl Stone Soup version 0.18.1-48-g4cf74bf (webtiles) character file.

62 tyranidshit the Skirmisher (level 3, -7/28 HPs)
             Began as a Demonspawn Abyssal Knight on Sept 11, 2016.
             Was a Believer of Lugonu.
             Mangled by Sigmund
             ... wielding a +1 scythe of protection
              (9 damage)
             ... on level 3 of the Dungeon.
             The game lasted 00:05:03 (1897 turns).

tyranidshit the Skirmisher (DsAK)                   Turns: 1897, Time: 00:05:04

Health: -7/28      AC: 12    Str: 11    XL:     3   Next: 85%
Magic:  0/4        EV: 12    Int: 13    God:    Lugonu [**....]
Gold:   93         SH:  0    Dex: 12    Spells: 0 memorised, 2 levels left

rFire  . . .     SeeInvis .     a - +2 hand axe
rCold  . . .     Gourm    .     m - +0 ring mail
rNeg   . . .     Faith    .     (no shield)
rPois  .         Spirit   +     d - +0 helmet
rElec  .         Dismiss  .     h - +0 cloak
rCorr  .         Reflect  .     (no gloves)
SustAt .         Harm     .     l - +0 pair of boots
MR     .....                    (no amulet)
Stlth  ++........               j - ring of stealth
                                g - +2 ring of evasion

@: not resistant to hostile enchantments, unstealthy
A: iridescent scales 1, frail 1, weak 1, magic shield
a: Depart the Abyss, Bend Space, Renounce Religion


You were on level 3 of the Dungeon.
You worshipped Lugonu.
Lugonu was pleased with you.
You were not hungry.

You visited 1 branch of the dungeon, and saw 3 of its levels.
You visited the Abyss 1 time.

You collected 93 gold pieces.

Inventory:

Hand Weapons
 a - a +2 hand axe (weapon)
Armour
 b - a +0 leather armour
 d - a +0 helmet (worn)
 h - a +0 cloak (worn)
 l - a +0 pair of boots (worn)
 m - a +0 ring mail (worn)
Jewellery
 g - a +2 ring of evasion (left hand)
 j - a ring of stealth (right hand)
 n - a +5 ring of strength {unknown}
Potions
 i - a potion of brilliance
Miscellaneous
 f - a crystal ball of energy
Comestibles
 c - a bread ration
 k - a beef jerky


   Skills:
 + Level 4.8 Fighting
 - Level 1.8 Axes
 - Level 1.7 Armour
 - Level 0.8 Dodging
 - Level 2.4 Invocations


You had 2 spell levels left.
You didn't know any spells.

Dungeon Overview and Level Annotations

Branches:
Dungeon (3/15)

Altars:

Annotations:
D:3 Sigmund


Innate Abilities, Weirdness & Mutations

When hurt, damage is shared between your health and your magic reserves.
You are partially covered in iridescent scales (AC +4).
You are frail (-10% HP).
You are weak. (Str -2)


Message History

Sigmund is moderately wounded.
Sigmund gestures wildly while chanting.
Sigmund flickers and vanishes!
Something hits you but does no damage.
You miss something. You miss something. Something barely misses you.
You completely miss something. Something hits you but does no damage.
You barely miss something.
You hear some strange, mumbled words.
A puff of flame appears from out of thin air!
The puff of flame hits you!
You hit something but do no damage. Something hits you!
* * * LOW HITPOINT WARNING * * *
You completely miss something. Something barely misses you.
You barely miss something. Something hits you.
* * * LOW HITPOINT WARNING * * *
You barely miss something. Something barely misses you.
You closely miss something. You closely miss something.
Something hits you but does no damage.
You miss something. Something hits you!
You die...

#.(..# #.<#
#o†#
##########
#..#
#........#
#.)#
#..<....>#
...#
#....<...#
#...#
#........#
#.#..
#....÷.@.#
..##..
#......{.##
### .#
#...........#
.#
#####(.#.....
##.#.#####
#.... ######


There were no monsters in sight!

Vanquished Creatures
  An adder (D:2)
  3 worms (D:2)
  A dart slug (D:2)
  A giant gecko (D:3)
  3 orcs
  3 bats
  A giant cockroach (D:2)
  6 goblins
  4 hobgoblins
  4 jackals (D:2)
  A ball python (D:2)
  2 giant newts
  4 kobolds
  3 rats (D:2)
37 creatures vanquished.

Notes
Turn   | Place    | Note
--------------------------------------------------------------
     0 | Abyss:1  | tyranidshit the Demonspawn Abyssal Knight began the quest for the Orb.
     0 | Abyss:1  | Reached XP level 1. HP: 18/18 MP: 2/2
    81 | Abyss:2  | Found a corrupted altar of Lugonu.
    97 | Abyss:2  | Found a bloodstained altar of Trog.
   115 | Abyss:2  | Found a corrupted altar of Lugonu.
   123 | Abyss:2  | Noticed a starcursed mass
   129 | D:1      | Escaped the Abyss
   288 | D:1      | Reached * piety under Lugonu
   547 | D:1      | Gained mutation: When hurt, damage is shared between your health and your magic reserves. [demonic ancestry]
   547 | D:1      | Reached XP level 2. HP: 22/24 MP: 3/3
   871 | D:2      | Gained mutation: You are frail (-10% HP). [potion of mutation]
   871 | D:2      | Gained mutation: You are partially covered in iridescent scales (AC +4). [potion of mutation]
   871 | D:2      | Gained mutation: You are weak. (Str -2) [potion of mutation]
   890 | D:2      | Reached skill level 4 in Fighting
   907 | D:2      | Reached XP level 3. HP: 24/27 MP: 4/4
  1184 | D:2      | Reached ** piety under Lugonu
  1320 | D:3      | Noticed Sigmund
  1619 | D:3      | HP: 1/28 [something (7)]
  1893 | D:3      | HP: 1/28 [something (3)]
  1897 | D:3      | Mangled by Sigmund

Skill      XL: |  1  2 |
---------------+-------+-----
Fighting       | 4 |  4.8
Axes           | |  1.8
Armour         | |  1.7
Dodging        | |  0.8
Invocations    | |  2.4

Action                   || total
-------------------------++-------
Melee: Hand axe          ||   133
Invok: Depart the Abyss  ||     1
  Use: Scroll            ||     6
       Potion            ||     7
 Stab: Distracted        ||     1
       Sleeping          ||     1
  Eat: Bread ration      ||     1
Armor: Leather armour    ||    11
       Ring mail         ||    57
Dodge: Dodged            ||   111
